 Dungeon Crawl Stone Soup version 0.26-a0-34-g9e0bf03589 (webtiles) character file.

Game seed: 7968247936051076948, levelgen mode: deterministic

5058 RaHiT the Thaumaturge (level 10, -2/75 HPs)
             Began as a Naga Venom Mage on May 29, 2020.
             Was a Follower of Cheibriados.
             Slain by an eight-headed hydra (4 damage)
             ... on level 9 of the Dungeon.
             The game lasted 00:43:11 (6827 turns).

RaHiT the Thaumaturge (Naga Venom Mage)             Turns: 6827, Time: 00:43:11

Health: -2/75      AC:  7    Str: 12    XL:     10   Next: 56%
Magic:  44/44      EV: 10    Int: 27    God:    Cheibriados [*.....]
Gold:   1042       SH:  0    Dex: 14    Spells: 22/33 levels left

rFire    . . .     SeeInvis +   E - +2 trident (flame)
rCold    . . .     Gourm    .   (no shield)
rNeg     . . .     Faith    .   a - +0 robe
rPois    +         Spirit   .   g - +0 helmet
rElec    +         Reflect  .   H - +0 cloak (curse)
rCorr    .         Harm     .   s - +0 pair of gloves
MR       +....                  (no barding)
Stlth    ++........             f - amulet of regeneration
HPRegen  0.62/turn              y - ring "Jayxus" {*Slow rElec MP+9 Int+6 Slay+3}
MPRegen  0.29/turn              p - ring of magical power

@: mighty, about to teleport, very slow
A: large, see invisible, deformed body, mutation resistance 1, poison
resistance, slowness 2, slow metabolism 1, spit poison 1, AC +3
a: Spit Poison, Bend Time, Renounce Religion


You were on level 9 of the Dungeon.
You worshipped Cheibriados.
Cheibriados was aware of your devotion.
You were not hungry.

You visited 2 branches of the dungeon, and saw 10 of its levels.
You also visited: Bailey.

You collected 1042 gold pieces.

Inventory:

Hand Weapons
 i - a +2 short sword of freezing
 m - a +1 falchion of protection
 E - a +2 trident of flaming (weapon)
 K - a +3 long sword of holy wrath
 N - a +2 whip of flaming
Missiles
 d - 44 poisoned darts (quivered)
 q - 123 bolts
 A - 4 throwing nets
 G - 3 datura-tipped darts
 J - 5 atropa-tipped darts
Armour
 a - a +0 robe (worn)
 g - a +0 helmet (worn)
 s - a +0 pair of gloves (worn)
 D - a +1 ring mail of cold resistance
 H - a cursed +0 cloak (worn)
Magical Staves
 I - an uncursed staff of wizardry
Jewellery
 f - an amulet of regeneration (around neck)
 p - a ring of magical power (right hand)
 y - the ring "Jayxus" (left hand) {*Slow rElec MP+9 Int+6 Slay+3}
   (You found it on level 4 of the Dungeon)

   [ring of magical power]

   It affects your intelligence (+6).
   It affects your accuracy and damage with ranged weapons and melee attacks
   (+3).
   It insulates you from electricity.
   It affects your magic capacity (+9).
   It may slow you when you take damage.
 P - an uncursed ring of poison resistance {unknown}
 T - a cursed ring of teleportation {unknown}
Wands
 v - a wand of disintegration (7)
 M - a wand of polymorph (5)
 O - a wand of random effects (11)
Scrolls
 b - 4 scrolls of teleportation
 e - a scroll of random uselessness {unknown}
 l - 5 scrolls of remove curse
 n - a scroll of blinking {unknown}
 o - 2 scrolls of enchant weapon
 r - 2 scrolls of amnesia
 u - a scroll of fog
 x - a scroll of immolation
 B - a scroll of brand weapon
 C - a scroll of fear
 S - a scroll of identify
Potions
 h - 3 potions of heal wounds
 j - 3 potions of flight
 k - 2 potions of degeneration {unknown}
 t - a potion of resistance
 w - a potion of might
 z - a potion of mutation
 F - a potion of curing
 Q - a potion of brilliance {unknown}
 R - a potion of stabbing
Miscellaneous
 L - a tin of tremorstones (3/3)
Comestibles
 c - 15 rations
 U - 3 chunks of flesh


   Skills:
 - Level 1.5 Dodging
 - Level 3.0 Stealth
 - Level 12.0 Spellcasting
 - Level 1.0 Transmutations
 - Level 10.0 Poison Magic
 + Level 3.7 Invocations


You had 22 spell levels left.
You knew the following spells:

 Your Spells              Type           Power        Failure   Level  Hunger
a - Sting                 Tmut/Pois      ####         1%          1    None
c - Olgreb's Toxic Radia  Pois           ######..     1%          4    None
d - Mephitic Cloud        Conj/Pois/Air  ####....     2%          3    None
e - Ignite Poison         Fire/Tmut/Pois #####...     2%          3    None

Your spell library contained the following spells:

 Spells                   Type           Power        Failure   Level  Hunger
 Poisonous Vapours        Pois/Air       #####.       1%          2    None
 Spider Form              Tmut/Pois      #####.....   1%          3    None
 Beastly Appendage        Tmut           ###...       2%          1    None
 Sticks to Snakes         Tmut           ###.....     3%          2    None
 Confusing Touch          Hex            ###.....     11%         3    None
 Gell's Gravitas          Tloc           ###.......   11%         3    None
 Ice Form                 Ice/Tmut       ###.....     28%         4    None
 Petrify                  Tmut/Erth      ###.....     28%         4    None
 Blade Hands              Tmut           ###.......   54%         5    ###....
 Yara's Violent Unravell  Hex/Tmut       ###.......   61%         5    ###....
 Metabolic Englaciation   Hex/Ice        ###.......   67%         5    ###....


Dungeon Overview and Level Annotations

Branches:
Dungeon (9/15)             Temple (1/1) D:5          Bailey (visited)
   Lair: D:8-11         Orc: D:9-12

Altars:
Ashenzari
Cheibriados
Dithmenos
Elyvilon
Fedhas
Gozag
Hepliaklqana
Kikubaaqudgha
Makhleb
Nemelex Xobeh
Okawaru
Qazlal
Ru
Sif Muna
Trog
Uskayaw
Vehumet
Xom
Yredelemnul
Zin
The Shining One
Lugonu

Shops:
D:8 [


Innate Abilities, Weirdness & Mutations

You cannot wear boots.
Your serpentine skin is tough. (AC +3)
You have supernaturally acute eyesight. (SInv)
Armour fits poorly on your strangely shaped body.
Your system is resistant to poisons. (rPois)
You cover ground very slowly.
You have a slow metabolism.
You can spit poison.
You are somewhat resistant to further mutation.


Message History

The eight-headed hydra bites you! The eight-headed hydra bites you.
The eight-headed hydra bites you but does no damage.
The eight-headed hydra bites you!
You barely miss the eight-headed hydra.
The eight-headed hydra is moderately wounded.
The eight-headed hydra bites you! The eight-headed hydra bites you. x3
The eight-headed hydra bites you but does no damage. x2
The eight-headed hydra bites you!
* * * LOW HITPOINT WARNING * * *
The eight-headed hydra barely misses you.
The eight-headed hydra closely misses you.
The eight-headed hydra bites you!
* * * LOW HITPOINT WARNING * * *
The eight-headed hydra bites you!
* * * LOW HITPOINT WARNING * * *
The eight-headed hydra misses you.
The eight-headed hydra bites you but does no damage.
The eight-headed hydra barely misses you.
The eight-headed hydra misses you. The eight-headed hydra bites you.
You die...

... ##...#
.#.....#.
#.........# .. .
##..........#.##.
##................
#.D......>........
#@.....#..........
##...#.#.)#.......
#........#.......
##...#..........#
##..#......#...#
#.....##.##.#..
#.....#####..##
##......# ####.
####.### #.


You could see an eight-headed hydra.

Vanquished Creatures
  Pikel (D:7)
  Sigmund (D:5)
  A spriggan (D:8)
  9 yaks
  Edmund (D:5)
  A sky beast (D:7)
  4 slaves (D:7)
  5 orc warriors
  A black bear (D:7)
  An ogre (D:2)
  A phantom (D:4)
  A centaur (D:6)
  6 bullfrogs
  A gnoll sergeant (D:8)
  A scorpion (D:5)
  A water moccasin zombie (D:8)
  5 killer bees (D:9)
  A crimson imp (D:5)
  A centaur zombie (D:7)
  3 hounds
  7 orc priests
  A centaur skeleton (D:5)
  A bullfrog skeleton (D:8)
  9 orc wizards
  Natasha (thrice) (D:2)
  5 iguanas
  2 worker ants
  A killer bee zombie (D:5)
  A hound zombie (D:6)
  A worker ant zombie (D:8)
  8 gnolls
  12 adders
  A shadow imp (D:7)
  An adder zombie (D:6)
  4 worms
  3 dart slugs
  4 leopard geckos
  27 orcs
  5 giant cockroaches
  9 goblins
  4 hobgoblins
  8 jackals
  14 kobolds
  8 quokkas
  A ball python (D:5)
  9 bats
  4 frilled lizards
  2 goblin skeletons (D:9)
  A jackal skeleton (D:4)
  A leopard gecko skeleton (D:5)
  2 orc zombies (D:9)
  6 rats
211 creatures vanquished.

Notes
Turn   | Place    | Note
-------+----------+-------------------------------------------
     0 | D:1      | RaHiT the Naga Venom Mage began the quest for the Orb.
     0 | D:1      | Reached XP level 1. HP: 15/15 MP: 3/3
   167 | D:1      | Reached XP level 2. HP: 22/22 MP: 5/5
   171 | D:1      | Learned a level 2 spell: Poisonous Vapours
   212 | D:1      | Reached skill level 5 in Poison Magic
   558 | D:1      | Reached XP level 3. HP: 28/28 MP: 3/6
   929 | D:2      | Noticed Natasha
   936 | D:2      | Killed Natasha
   974 | D:2      | Noticed Natasha
   980 | D:2      | Killed Natasha
   980 | D:2      | Reached XP level 4. HP: 31/36 MP: 4/7
   997 | D:2      | Learned a level 4 spell: Olgreb's Toxic Radiance
  1521 | D:2      | Reached XP level 5. HP: 39/42 MP: 5/8
  1563 | D:2      | Noticed Natasha
  1569 | D:2      | Killed Natasha
  1643 | D:2      | Noticed an ogre
  1649 | D:2      | Killed an ogre
  1649 | D:2      | Reached XP level 6. HP: 49/49 MP: 5/9
  2656 | D:3      | Found a bloodstained altar of Trog.
  2853 | D:4      | Reached skill level 10 in Poison Magic
  2861 | D:4      | Reached XP level 7. HP: 55/55 MP: 10/10
  2871 | D:4      | Learned a level 3 spell: Ignite Poison
  2913 | D:4      | Found a radiant altar of Vehumet.
  2978 | D:4      | Reached skill level 3 in Spellcasting
  2988 | D:4      | Got a bound platinum ring
  2990 | D:4      | Identified the ring "Jayxus" {*Slow rElec MP+9 Int+6
                  | Slay+3} (You found it on level 4 of the Dungeon)
  3004 | D:4      | Found a shadowy altar of Dithmenos.
  3100 | D:4      | Found a shimmering blue altar of Sif Muna.
  3248 | D:4      | Found an opulent altar of Gozag.
  3288 | D:4      | Learned a level 3 spell: Mephitic Cloud
  3458 | D:5      | Entered Level 5 of the Dungeon
  3463 | D:5      | Reached skill level 4 in Spellcasting
  3614 | D:5      | Found a staircase to the Ecumenical Temple.
  3622 | Temple   | Entered the Ecumenical Temple
  3667 | D:5      | Reached skill level 5 in Spellcasting
  3691 | D:5      | Reached XP level 8. HP: 62/62 MP: 15/15
  3851 | D:5      | Noticed Edmund
  3855 | D:5      | Noticed Sigmund
  3862 | D:5      | Killed Edmund
  3865 | D:5      | Killed Sigmund
  3865 | D:5      | Reached skill level 6 in Spellcasting
  4365 | D:6      | Reached skill level 7 in Spellcasting
  4530 | D:6      | Found a basalt altar of Yredelemnul.
  4540 | D:6      | Found a glowing golden altar of the Shining One.
  4542 | D:6      | Reached skill level 8 in Spellcasting
  4544 | D:6      | Noticed an angel
  4590 | D:6      | Found an ancient bone altar of Kikubaaqudgha.
  4594 | D:6      | Found a sacrificial altar of Ru.
  4594 | D:6      | Found a shimmering altar of Xom.
  4597 | D:6      | Found an iron altar of Okawaru.
  4597 | D:6      | Found a sparkling altar of Nemelex Xobeh.
  4728 | D:7      | Reached XP level 9. HP: 66/68 MP: 21/21
  4765 | D:7      | Found a flagged portal.
  4784 | Bailey   | Entered a bailey
  4921 | Bailey   | Found a bloodstained altar of Trog.
  5115 | D:7      | Reached skill level 9 in Spellcasting
  5311 | D:7      | Noticed Pikel
  5318 | D:7      | Killed Pikel
  5318 | D:7      | Reached skill level 10 in Spellcasting
  5719 | D:7      | Gained mutation: You tend to lose your temper in combat.
                  | [potion of mutation]
  5719 | D:7      | Gained mutation: You passively map a small area around you.
                  | [potion of mutation]
  5721 | D:7      | Lost mutation: You passively map a small area around you.
                  | [potion of mutation]
  5721 | D:7      | Lost mutation: You tend to lose your temper in combat.
                  | [potion of mutation]
  5721 | D:7      | Gained mutation: You are somewhat resistant to further
                  | mutation. [potion of mutation]
  5781 | D:8      | Reached skill level 11 in Spellcasting
  5781 | D:8      | Reached XP level 10. HP: 40/75 MP: 25/25
  5854 | D:8      | Found Zigunud's Antique Armour Shoppe.
  6125 | D:8      | Found a snail-covered altar of Cheibriados.
  6137 | D:8      | Became a worshipper of Cheibriados the Contemplative
  6329 | D:8      | Found a blossoming altar of Fedhas.
  6455 | D:8      | Found a sparkling altar of Nemelex Xobeh.
  6723 | D:9      | Reached skill level 12 in Spellcasting
  6723 | D:9      | Reached skill level 1 in Invocations
  6744 | D:9      | Reached * piety under Cheibriados
  6819 | D:9      | Noticed an eight-headed hydra
  6827 | D:9      | HP: 2/75 [eight-headed hydra (8)]
  6827 | D:9      | Slain by an eight-headed hydra

Illustrated notes

Levels and vault maps discovered:
D:1:      evilmike_arrival_home_sweet_home, layout_basic
D:2:      layout_loops_ring, serial_forest, infiniplex_forest_lined_2,
          infiniplex_forest_lined_room_2, infiniplex_forest_diagonal,
          infiniplex_forest_end_2, infiniplex_forest_lined_4_way,
          infiniplex_forest_clump_diagonal, infiniplex_forest_clump_C,
          infiniplex_forest_clump_tiny, infiniplex_forest_clump_medium,
          first_ration, minmay_crystal_room, uniq_natasha
D:3:      layout_loops_ring, lightli_temple_of_fire
D:4:      layout_rooms, grunt_dithmenos_smoke_and_mirrors,
          nicolae_gozag_seed_capital, fiery_altar_vehumet, led_sif_book,
          minmay_quantized
D:5:      layout_rooms, temple_fountains, sigmund_edmund_badplayer
D:6:      layout_rooms, grunt_temple_overflow_holy_war,
          grunt_temple_overflow_open
D:7:      layout_loops_ring, enter_bailey_2, minmay_misc_feat_x,
          roderic_lattice_a, uniq_menkaure, uniq_pikel
D:8:      layout_loops_ring, fedhas_altar_1, kennysheep_little_box,
          serial_shops, shop, the_bakery, nemelex_lonely_heart_becter
D:9:      layout_cave_pools, kennysheep_mini, zombieorc2_lemuel,
          minmay_nine_imps
Temple:   corrupted_temple

Skill      XL: |  1  2  3  4  5  6  7  8  9 10 |
---------------+-------------------------------+-----
Poison Magic   | 5 6 7 8 10 | 10.0
Spellcasting   | 5 8 11 12 | 12.0
Invocations    | 3 |  3.7
Dodging        | |  1.5
Stealth        | |  3.0
Transmutations | |  1.0

Action                   |  1- 3 |  4- 6 |  7- 9 | 10-12 || total
-------------------------+-------+-------+-------+-------++-------
Melee: Unarmed           |     3 |       |     4 |       ||     7
       Short sword       |     4 |    37 |    47 |     4 ||    92
       Falchion          |       |       |    70 |    12 ||    82
       Long sword        |       |       |    14 |    10 ||    24
       Trident           |       |       |       |    14 ||    14
Throw: Dart              |    13 |    28 |    62 |    10 ||   113
 Cast: Sting             |    25 |    28 |    26 |     2 ||    81
       Olgreb's Toxic Ra |       |     6 |    27 |     9 ||    42
       Poisonous Vapours |       |     1 |    12 |       ||    13
       Ignite Poison     |       |       |    12 |     7 ||    19
       Mephitic Cloud    |       |       |     6 |     3 ||     9
 Abil: Spit Poison       |    19 |    19 |    29 |     8 ||    75
Evoke: Wand              |       |       |     1 |     4 ||     5
  Use: Scroll            |     1 |       |     8 |     2 ||    11
       Potion            |       |       |     5 |     1 ||     6
 Stab: Sleeping          |       |       |     1 |       ||     1
  Eat: Chunk             |     1 |     8 |    12 |     4 ||    25
Armor: Robe              |       |    16 |    74 |    18 ||   108
       Skin              |       |       |     2 |       ||     2
Dodge: Dodged            |     9 |    30 |    98 |    23 ||   160
       Rpst.: Falchion   |       |       |    17 |     3 ||    20
       Long sword        |       |       |     4 |     1 ||     5

Table legend:
 A = Non-vault XP
 B = Vault XP
 C = Vault XP percentage of total XP
 D = Non-vault monster count
 E = Vault monster count
 F = Vault count percentage of total count
                 A         B        C        D         E       F
            +---------+---------+-------+---------+---------+-------
      Total |    5472 |    1755 |  24.3 |     179 |      28 |  13.5
            +---------+---------+-------+---------+---------+-------
        D:1 |      35 |       0 |   0.0 |      18 |       0 |   0.0
        D:2 |     254 |      35 |  12.1 |      15 |       1 |   6.2
        D:3 |     265 |       0 |   0.0 |      32 |       0 |   0.0
        D:4 |     254 |      79 |  23.7 |      13 |       3 |  18.8
        D:5 |     407 |     393 |  49.1 |      23 |       2 |   8.0
        D:6 |     595 |       0 |   0.0 |      19 |       0 |   0.0
        D:7 |     992 |     607 |  38.0 |      26 |       1 |   3.7
        D:8 |    1474 |     211 |  12.5 |      22 |       1 |   4.3
        D:9 |    1196 |       4 |   0.3 |      11 |       4 |  26.7
     Bailey |       0 |     426 | 100.0 |       0 |      16 | 100.0
            +---------+---------+-------+---------+---------+-------
